 Dungeon Crawl Stone Soup version 0.29-a0-359-g541a27f54d (webtiles) character file.

Game seed: 10404347411263001237

429 Zeldest the Sneak (level 6, 0/36 HPs)
             Began as a Vampire Monk on Apr 28, 2022.
             Killed from afar by an orc wizard (6 damage)
             ... with a puff of flame
             ... on level 4 of the Dungeon.
             The game lasted 00:08:50 (1438 turns).

Zeldest the Sneak (Vampire Monk)                    Turns: 1438, Time: 00:08:50

Health: 0/36       AC:  2    Str: 10    XL:     6   Next: 66%
Magic:  6/6        EV: 14    Int: 13    God:
Gold:   37         SH:  0    Dex: 18    Spells: 2/5 levels left

rFire   . . .      SeeInvis +   e - +0 dagger (venom)
rCold   + + .      Faith    .   (no shield)
rNeg    + + +      Spirit   .   b - +0 robe
rPois   ∞          Reflect  .   (no helmet)
rElec   .          Harm     .   (no cloak)
rCorr   .          Rampage  .   (no gloves)
Will    .....                   (no boots)
Stlth   ++++++....              (no amulet)
HPRegen 0.00/turn               (no ring)
MPRegen 0.10/turn               (no ring)

@: bloodless, inhibited regen
A: bloodless, fangs 3, see invisible, vampiric 2
a: Bat Form, Revivify


You were on level 4 of the Dungeon.
You visited 1 branch of the dungeon, and saw 4 of its levels.

You collected 37 gold pieces.

Inventory:

Hand Weapons
 e - a +0 dagger of venom (weapon)
 r - the +5 falchion "Itiet" {flame, rElec rC- MP+9 Int+6}
   (You found it on level 4 of the Dungeon)

   It burns those it strikes, dealing additional fire damage.
   Big, fiery blades are also staple armaments of hydra-hunters.
   Int:       It affects your intelligence (+6).
   rC:        It makes you vulnerable to cold.
   rElec:     It insulates you from electricity.
   MP:        It affects your magic capacity (+9).
Missiles
 l - 4 atropa-tipped darts (quivered)
Armour
 b - a +0 robe (worn)
Wands
 k - a wand of iceblast (9)
Scrolls
 c - a scroll of blinking {unknown}
 g - a scroll of silence {unknown}
 i - a scroll of torment {unknown}
 m - a scroll of enchant weapon {unknown}
 n - a scroll of magic mapping {unknown}
 o - a scroll of fog {unknown}
 p - 2 scrolls of teleportation
Potions
 h - 2 potions of lignification
 j - a potion of mutation
 s - a potion of brilliance


   Skills:
 - Level 2.6 Fighting
 * Level 5.6 Short Blades
 + Level 4.5 Dodging
 * Level 7.3 Stealth
 + Level 2.2 Hexes


You had 2 spell levels left.
You knew the following spells:

 Your Spells              Type           Power      Damage    Failure   Level
a - Confusing Touch       Hex            5%         N/A       36%         3

Your spell library contained the following spells:

 Spells                   Type           Power      Damage    Failure   Level
 Slow                     Hex            20%        N/A       12%         1
 Magic Dart               Conj           0%         1d3       30%         1
 Sandblast                Erth           0%         2d4       30%         1
 Passwall                 Tmut/Erth      0%         N/A       43%         2
 Stone Arrow              Conj/Erth      0%         3d7       67%         3
 Vampiric Draining        Necr           0%         2d6       67%         3


Dungeon Overview and Level Annotations

Branches:
Dungeon (4/15)
 Temple: D:4-7

Altars:
Qazlal

Shops:
D:3 *

Annotations:
D:4 2 transporters, peepeehead's ghost, amateur DgFE


Innate Abilities, Weirdness & Mutations

You do not regenerate when monsters are visible.
You are frail without blood (-20% HP).
You can heal yourself when you bite living creatures.
You are immune to poison.
You have razor-sharp teeth.
You have supernaturally acute eyesight. (SInv)
You are afflicted with vampirism and can become a bat while bloodless.


Message History

As you read the scroll of identify, it crumbles to dust.
h - 2 potions of lignification
As you read the scroll of identify, it crumbles to dust.
s - a potion of brilliance
Okay, then.
Okay, then.
As you read the scroll of identify, it crumbles to dust.
p - 2 scrolls of teleportation A gnoll comes into view.
It is wielding a +0 whip.
A gnoll comes into view. It is wielding a +0 halberd.
A gnoll shaman comes into view. It is wielding a +0 club.
Press: ? - help, v - describe, . - travel, g - get item Item here: the +4 hand axe of Breach {protect, *Noise rF- rC+ Int+6}.
The floor.
You hit the gnoll.
The gnoll is poisoned.
You bite the gnoll.
You draw the gnoll's blood!
You feel better.
The gnoll is moderately wounded.
You barely miss the gnoll. Your punch misses the gnoll.
The gnoll is moderately wounded.
The gnoll closely misses you.
You hit the gnoll.
The gnoll looks even sicker.
Your bite misses the gnoll.
The gnoll is heavily wounded.
The gnoll hits you with a +0 whip!
The orc wizard shouts!
You hit the gnoll but do no damage.
The gnoll looks as sick as possible!
You bite the gnoll.
You draw the gnoll's blood!
You feel better.
The gnoll is severely wounded.
You hear a shout! x2
The gnoll hits you with a +0 whip!
You hit the gnoll but do no damage.
The gnoll looks as sick as possible!
The gnoll is severely wounded.
You barely miss the gnoll. You bite the gnoll, but do no damage.
The gnoll is severely wounded.
You kill the gnoll!
The orc wizard gestures at you while chanting.
The puff of flame hits you!
* * * LOW HITPOINT WARNING * * *
The orc wizard casts a spell at you. The puff of flame hits you.
You die...

#........... ##.# #
#......##..# #..# #.
#...<..#o..# ###.
#.###........o.# ####.
#.......).....## #...#
##...........####.....#.#
..................### ###
#......)....#### ######
#..##..@.....## #.....
#.. #.........#####.####
#. #...)...#.......#
####. #####...........#
.....##### #...........#
#........###...........#
#.......g..............#
g..........#)..........#
#..........#.))†.......#


You could see an orc wizard and an orc.

Vanquished Creatures
  An ogre (D:4)
  A phantom (D:3)
  A kobold brigand (D:3)
  An orc priest (D:3)
  Ijyb (D:3)
  An iguana (D:4)
  An orc wizard (D:4)
  2 adders
  A gnoll (D:4)
  A worm (D:3)
  A dart slug (D:4)
  5 orcs
  6 endoplasms
  A giant cockroach (D:1)
  A hobgoblin (D:1)
  4 jackals (D:1)
  7 kobolds
  7 quokkas
  4 ball pythons
  2 bats
  3 frilled lizards
  9 goblins
  4 rats
65 creatures vanquished.

Notes
Turn   | Place    | Note
-------+----------+-------------------------------------------
     0 | D:1      | Zeldest the Vampire Monk began the quest for the Orb.
     0 | D:1      | Reached XP level 1. HP: 17/17 MP: 1/1
   106 | D:1      | Reached XP level 2. HP: 16/23 MP: 2/2
   260 | D:1      | Reached skill level 4 in Stealth
   442 | D:1      | Gained mutation: You are afflicted with vampirism and can
                  | become a bat while bloodless. [Vampire growth]
   442 | D:1      | Reached XP level 3. HP: 22/28 MP: 3/3
   589 | D:2      | Found a faded altar of an unknown god.
   597 | D:2      | Got Plato's Disquisition on Attacks
   630 | D:3      | Found Zuyjec's General Store.
   643 | D:4      | Noticed a kobold brigand
   643 | D:4      | Noticed a phantom
   645 | D:4      | Identified the +4 hand axe of Breach {protect, *Noise rF-
                  | rC+ Int+6}
   674 | D:3      | Killed a phantom
   675 | D:3      | Reached skill level 5 in Stealth
   675 | D:3      | Reached XP level 4. HP: 6/34 MP: 4/4
   747 | D:3      | Found a stormy altar of Qazlal.
   798 | D:3      | Noticed Ijyb
   821 | D:3      | Killed Ijyb
   822 | D:3      | Reached XP level 5. HP: 19/31 MP: 5/5
   841 | D:3      | Learned a level 3 spell: Confusing Touch
   998 | D:3      | Reached skill level 6 in Stealth
  1112 | D:3      | Reached skill level 5 in Short Blades
  1112 | D:3      | Reached skill level 1 in Hexes
  1153 | D:3      | Reached XP level 6. HP: 17/36 MP: 6/6
  1237 | D:4      | Reached skill level 7 in Stealth
  1298 | D:4      | Identified the +5 falchion "Itiet" {flame, rElec rC- MP+9
                  | Int+6}
  1305 | D:4      | Found a transporter.
  1306 | D:4      | Noticed peepeehead's ghost (amateur DgFE)
  1322 | D:4      | Found a transporter.
  1438 | D:4      | Killed from afar by an orc wizard

Illustrated notes

Levels and vault maps discovered:
D:1:      matt_arrival_los_fun, layout_basic, serial_curves, eino_curves_04,
          eino_curves_01, grunt_decor_arrowhead, st_stairs_13,
          kennysheep_crisscross, corexii_hall_statues_deadend
D:2:      layout_basic, shapermc_ecumenical_altar_rom_forum
D:3:      kennysheep_the_goblin_king, layout_basic, mainiacjoe_overflow_paths,
          serial_shops, nicolae_shop_hallway_plus
D:4:      layout_rooms, gammafunk_ghost_smash, st_stairs_7, nicolae_shop_gadgets

Skill      XL: |  1  2  3  4  5  6 |
---------------+-------------------+-----
Stealth        | 4 5 6 7 |  7.3
Short Blades   | 4 5 |  5.6
Dodging        | 4 |  4.5
Hexes          | 1 2 |  2.2
Fighting       | |  2.6

Action                   |  1- 3 |  4- 6 || total
-------------------------+-------+-------++-------
Melee: Short sword       |   106 |    78 ||   184
       Bite              |     8 |    12 ||    20
       Punch             |     1 |       ||     1
       Dagger            |       |     6 ||     6
 Abil: Exsanguinate      |       |     1 ||     1
Evoke: Wand              |       |     2 ||     2
  Use: Potion            |     1 |     2 ||     3
       Scroll            |       |     5 ||     5
 Stab: Sleeping          |     8 |     5 ||    13
Armor: Robe              |     7 |     5 ||    12
Dodge: Dodged            |    73 |    56 ||   129

Table legend: (Time is in decaauts)
 A = Elapsed time spent in this place.
 B = Non-inter-level travel time spent in this place.
 C = Inter-level travel time spent in this place.
 D = Time resting spent in this place.
 E = Time spent auto-exploring this place.
 F = Levels seen in this place.
 G = Mean time per level.
                   A        B        C        D        E       F      G
               +--------+--------+--------+--------+--------+-----+--------+
         Total |   1419 |   1345 |     74 |      0 |      0 |   4 |  354.8 |
       Dungeon |   1419 |   1345 |     74 |      0 |      0 |   4 |  354.8 |
               +--------+--------+--------+--------+--------+-----+--------+

Top non-repeatable levels by time:
     D:3: 502 daAuts
     D:1: 398 daAuts
     D:2: 273 daAuts
     D:4: 245 daAuts
